 Dungeon Crawl Stone Soup version 0.15-a0-1253-g15b4f57 (webtiles) character file.

154 Amnesiac the Cutter (level 5, 0/28 HPs)
             Began as a Deep Elf Enchanter on June 4, 2014.
             Slain by a gnoll
             ... wielding a +0,+0 flail
              (5 damage)
             ... on Level 5 of the Dungeon.
             The game lasted 00:10:20 (2155 turns).

Amnesiac the Cutter (Deep Elf Enchanter)            Turns: 2155, Time: 00:10:20

HP   0/28        AC  3     Str  5      XL: 5   Next: 13%
MP  16/16        EV 13     Int 20      God:
Gold 79          SH  0     Dex 16      Spells:  4 memorised,  2 levels left

rFire  . . .     SeeInvis .     w - +2,+1 dagger
rCold  . . .     Clarity  .     b - +1 robe
rNeg   . . .     rCorr    .     (no shield)
rPois  .         rRot     .     (no helmet)
rElec  .         Spirit   .     (no cloak)
SustAb +         Warding  .     (no gloves)
rMut   .         Stasis   .     (no boots)
Gourm  .                        (no amulet)
MR     .....                    k - +4,+7 ring of slaying
                                j - ring of sustain abilities

@: repel missiles, not resistant to hostile enchantments, fairly stealthy
A: no striking features
a: no special abilities


You were on level 5 of the Dungeon.
You were hungry.

You visited 2 branches of the dungeon, and saw 6 of its levels.

You collected 118 gold pieces.
You spent 39 gold pieces at shops.

Inventory:

Hand weapons
 e - a +0 blowgun
 w - a +2,+1 dagger (weapon)
Missiles
 h - 22 poisoned needles
 y - a throwing net (quivered)
Armour
 b - a +1 robe (worn)
Magical devices
 o - a wand of lightning (3)
 s - a wand of slowing (18)
Comestibles
 a - a meat ration
 d - 2 bread rations
 f - 2 beef jerkies
Scrolls
 p - a scroll of enchant armour {unknown}
 q - a scroll of identify {unknown}
 x - a scroll of enchant weapon II {unknown}
Jewellery
 j - a ring of sustain abilities (left hand)
 k - a +4,+7 ring of slaying (right hand)
 r - an uncursed ring of magical power {unknown}
Potions
 l - 2 potions of cure mutation {unknown}
 m - a potion of might {unknown}
 t - a potion of heal wounds
 u - a potion of curing
Books
 c - a book of Maledictions

   Spells                             Type                      Level
   *Corona                            Hexes                        1
   Sure Blade                         Hexes/Charms                 2
   *Ensorcelled Hibernation           Hexes/Ice                    2
   *Confuse                           Hexes                        3
   Dazzling Spray                     Conjuration/Hexes            3
   Enslavement                        Hexes                        4
 i - a book of Air

   Spells                             Type                      Level
   Shock                              Conjuration/Air              1
   Swiftness                          Charms/Air                   2
   *Repel Missiles                    Charms/Air                   2
   Flight                             Charms/Air                   3
   Static Discharge                   Conjuration/Air              3
   Lightning Bolt                     Conjuration/Air              5


   Skills:
 + Level 4.8 Short Blades
 - Level 2.4 Dodging
 - Level 4.0 Stealth
 - Level 3.0 Spellcasting
 - Level 4.0 Hexes


You had 2 spell levels left.
You knew the following spells:

 Your Spells              Type           Power        Failure   Level  Hunger
a - Repel Missiles        Chrm/Air       #.....       24%         2    ##.....
b - Corona                Hex            ###....      2%          1    None
f - Confuse               Hex            ###.....     10%         3    ###....
z - Ensorcelled Hibernat  Hex/Ice        ##....       12%         2    ##.....


Dungeon Overview and Level Annotations

Branches:
Dungeon (5/15)             Temple (1/1) D:5

Altars:
Cheibriados
Elyvilon
Kikubaaqudgha
Nemelex Xobeh
Okawaru
Qazlal
Sif Muna
Vehumet
Xom
Yredelemnul
Zin
The Shining One

Shops:
D:5 (*(!(

Annotations:
D:4 exclusion: hobgoblin, Eustachio, Prince Ribbit


Message History

A jackal comes into view.
The gnoll shouts!
You hit the gnoll.
The gnoll is lightly wounded.
The gnoll hits you with a flail.
You barely miss the gnoll.
The gnoll is lightly wounded.
You puncture the gnoll!
The gnoll is severely wounded.
The gnoll hits you with a flail!
You hit the gnoll.
The gnoll is almost dead.
The gnoll hits you with a flail!
* * * LOW HITPOINT WARNING * * *
You hit the gnoll.
The gnoll is almost dead.
You barely miss the gnoll.
The gnoll is almost dead.
The gnoll hits you with a flail.
You die...

...........##
............###
..........###.##
..........'∩#..# .
.........)###..######...
........................
........................
...........∩#............
............#...@........
...........##..g#########
..........###...#
.........## #...#
........## #.hg#
........# #...# ......#.#
#...# .......... .....
......... ......


You could see 2 gnolls and a jackal.

Vanquished Creatures
  An iguana (D:4)
  Jessica (D:3)
  2 gnolls (D:5)
  4 adders
  A worm (D:5)
  2 giant geckos (D:5)
  A giant cockroach (D:3)
  5 hobgoblins
  10 jackals
  4 kobolds
  3 quokkas
  5 bats
  3 giant newts
  4 goblins
  A quokka zombie (D:5)
  A rat (D:2)
48 creatures vanquished.

Notes
Turn   | Place    | Note
--------------------------------------------------------------
     0 | D:1      | Amnesiac, the Deep Elf Enchanter, began the quest for the Orb.
     0 | D:1      | Reached XP level 1. HP: 10/10 MP: 5/5
   363 | D:2      | Reached XP level 2. HP: 12/15 MP: 3/8
   414 | D:2      | Learned a level 2 spell: Ensorcelled Hibernation
   465 | D:2      | Found a deep blue altar of Sif Muna.
   467 | D:2      | Found a glowing golden altar of the Shining One.
   549 | D:2      | Reached XP level 3. HP: 11/19 MP: 5/10
   575 | D:2      | Learned a level 3 spell: Confuse
   758 | D:3      | Found a sparkling altar of Nemelex Xobeh.
   774 | D:3      | Learned a level 2 spell: Repel Missiles
   816 | D:3      | Found a glowing silver altar of Zin.
  1091 | D:4      | Noticed Prince Ribbit
  1091 | D:4      | Noticed Eustachio
  1125 | D:3      | Found a basalt altar of Yredelemnul.
  1196 | D:3      | Noticed Jessica
  1205 | D:3      | Killed Jessica
  1205 | D:3      | Reached XP level 4. HP: 21/24 MP: 13/13
  1560 | D:5      | Entered Level 5 of the Dungeon
  1573 | D:5      | Found Hipirghokh's Antique Weapon Shop.
  1655 | D:5      | Found Ysien's Weapon Shop.
  1661 | D:5      | Found Psin's Distillery.
  1669 | D:5      | Reached XP level 5. HP: 26/28 MP: 13/16
  1687 | D:5      | Bought a potion of heal wounds for 39 gold pieces
  1766 | D:5      | Found Inuc Lilai's General Store.
  1776 | D:5      | Found Kutuoniav's Antique Weapon Emporium.
  1781 | D:5      | Found a staircase to the Ecumenical Temple.
  1800 | Temple   | Entered the Ecumenical Temple
  2155 | D:5      | Slain by a gnoll

Action                   |  1- 3 |  4- 6 || total
-------------------------+-------+-------++-------
Melee: Dagger            |    66 |    56 ||   122
 Cast: Corona            |     9 |       ||     9
       Ensorcelled Hiber |     4 |     1 ||     5
       Confuse           |     3 |     2 ||     5
       Repel Missiles    |     1 |       ||     1
Evoke: Wand              |       |     2 ||     2
  Use: Potion            |     1 |       ||     1
       Scroll            |       |     2 ||     2
 Stab: Sleeping          |     5 |     2 ||     7
       Distracted        |     1 |       ||     1
